[ PARTIDA AOE2 · #464925541 ]
UnrankedAztecas vs Khmer
[ ANÁLISIS DE REPETICIÓN · EXTRAÍDO DE LA PARTIDA GRABADA ]
Feudal
15:36
Castillos
19:31
Imperial
28:24
| APM promedio | 40.1 |
| APM pico | 70 |
| eAPM promedio | 20.4 |
| Aldeanos / militares | 139 / 113 |
Foco
⚔️ 30.2% · 🌾 69.8%
Monk ×68 · Trade Cart ×50 · Mangonel ×26 · Fishing Ship ×19 · Spearman ×14 · Transport Ship ×2
Feudal
12:59
Castillos
17:23
Imperial
32:52
| APM promedio | 33.7 |
| APM pico | 55 |
| eAPM promedio | 24.7 |
| Aldeanos / militares | 183 / 569 |
Foco
⚔️ 42.9% · 🌾 57.1%
Scout Cavalry ×318 · Spearman ×138 · Knight ×93 · Trade Cart ×39 · Fishing Ship ×14 · Trebuchet (Packed) ×14
Feudal
12:20
Castillos
15:56
Imperial
28:44
| APM promedio | 55.3 |
| APM pico | 103 |
| eAPM promedio | 33.1 |
| Aldeanos / militares | 162 / 351 |
Foco
⚔️ 38.8% · 🌾 61.2%
Knight ×322 · Trade Cart ×42 · Mangonel ×27 · Bombard Cannon ×2
Feudal
12:42
Castillos
16:36
Imperial
36:10
| APM promedio | 31.0 |
| APM pico | 67 |
| eAPM promedio | 20.1 |
| Aldeanos / militares | 166 / 229 |
Foco
⚔️ 35.2% · 🌾 64.8%
Janissary ×120 · Scout Cavalry ×76 · Bombard Cannon ×30 · Trade Cart ×15 · Fishing Ship ×6 · Scorpion ×3
Feudal
—
Castillos
—
Imperial
—
| APM promedio | 40.3 |
| APM pico | 91 |
| eAPM promedio | 25.6 |
| Aldeanos / militares | 141 / 659 |
Foco
⚔️ 29.8% · 🌾 70.2%
Leitis ×463 · Hand Cannoneer ×141 · Skirmisher ×49 · Trade Cart ×41 · Trebuchet (Packed) ×4 · Monk ×2
Feudal
10:56
Castillos
14:36
Imperial
29:02
| APM promedio | 46.4 |
| APM pico | 85 |
| eAPM promedio | 20.5 |
| Aldeanos / militares | 141 / 317 |
Foco
⚔️ 35.7% · 🌾 64.3%
Mangudai ×269 · Trade Cart ×61 · Battering Ram ×37 · Fishing Ship ×16 · Militia ×5 · Trebuchet (Packed) ×5
Feudal
12:14
Castillos
15:53
Imperial
31:23
| APM promedio | 37.4 |
| APM pico | 83 |
| eAPM promedio | 23.4 |
| Aldeanos / militares | 155 / 607 |
Foco
⚔️ 48.3% · 🌾 51.7%
Spearman ×489 · Trade Cart ×35 · Mangonel ×34 · Battering Ram ×32 · Militia ×27 · Archer ×23
Feudal
11:46
Castillos
15:16
Imperial
29:49
| APM promedio | 38.1 |
| APM pico | 84 |
| eAPM promedio | 23.9 |
| Aldeanos / militares | 149 / 579 |
Foco
⚔️ 34.0% · 🌾 66.0%
Skirmisher ×332 · Archer ×197 · Longbowman ×47 · Trade Cart ×16 · Fishing Ship ×7 · Trebuchet (Packed) ×2
Mapa de la partida
Recursos iniciales + cada clic de construcción. Líneas = muros · curvas = relieve. ◆ oro · ⬟ piedra · ● bayas · ✦ reliquia · ◌ hueco del cierre
Tu base· Abierta — el rival se encerró
Base de [JA] Salytmacska· ✓ Cerrada en 17:23 · 38t muro · sin puerta
Base de KilledByTheBoar· Abierta — el rival se encerró
Base de [JA]GyoreE· ✓ Cerrada en 16:36 · 12t muro · sin puerta
Base de LSKingdom9970· ✓ Cerrada en 11:05 · 1t muro · frágil
Base de [JA]adaaaam· ✓ Cerrada en 14:36 · 0t muro · sin puerta
Base de [JA]SchleK SobeR· ✓ Cerrada en 15:53 · 0t muro · sin puerta
Base de Sorbeet· Abierta — el rival se encerró
Terreno inicial suavizado · ◌ = hueco del cierre detectado · pasá el cursor para detalles
Inputs por minuto
— The_CoMbaTaND - - [JA] Salytmacska
Build order — The_CoMbaTaND
Primeras 150 de 488 acciones detectadas
| 0:00 | Crear | Villager (Male) |
| 0:01 | Crear | Villager (Male) |
| 0:02 | Construir | House |
| 0:03 | Construir | House |
| 0:07 | Crear | Villager (Male) |
| 0:08 | Crear | Villager (Male) |
| 0:08 | Crear | Villager (Male) |
| 0:08 | Crear | Villager (Male) |
| 1:15 | Crear | Villager (Male) |
| 1:15 | Crear | Villager (Male) |
| 1:15 | Crear | Villager (Male) |
| 1:15 | Crear | Villager (Male) |
| 1:48 | Construir | Lumber Camp |
| 1:52 | Crear | Villager (Male) |
| 1:53 | Crear | Villager (Male) |
| 2:28 | Crear | Villager (Male) |
| 2:29 | Crear | Villager (Male) |
| 2:29 | Crear | Villager (Male) |
| 2:29 | Crear | Villager (Male) |
| 3:01 | Crear | Villager (Male) |
| 3:02 | Crear | Villager (Male) |
| 3:13 | Investigar | Loom |
| 3:37 | Crear | Villager (Male) |
| 3:37 | Crear | Villager (Male) |
| 3:46 | Crear | Villager (Male) |
| 3:47 | Crear | Villager (Male) |
| 4:20 | Crear | Villager (Male) |
| 4:21 | Crear | Villager (Male) |
| 4:21 | Crear | Villager (Male) |
| 4:21 | Crear | Villager (Male) |
| 4:21 | Crear | Villager (Male) |
| 4:45 | Construir | Dock |
| 5:03 | Crear | Villager (Male) |
| 5:04 | Crear | Villager (Male) |
| 5:41 | Construir | House |
| 5:47 | Crear | Villager (Male) |
| 5:47 | Crear | Villager (Male) |
| 6:09 | Crear | Transport Ship |
| 6:09 | Crear | Transport Ship |
| 6:28 | Crear | Villager (Male) |
| 6:28 | Crear | Villager (Male) |
| 7:13 | Crear | Villager (Male) |
| 7:13 | Crear | Villager (Male) |
| 7:33 | Construir | Palisade Wall |
| 7:35 | Crear | Villager (Male) |
| 7:36 | Crear | Villager (Male) |
| 7:36 | Crear | Villager (Male) |
| 7:38 | Crear | Fishing Ship |
| 7:43 | Construir | House |
| 8:13 | Crear | Villager (Male) |
| 8:13 | Crear | Villager (Male) |
| 8:15 | Crear | Fishing Ship |
| 8:57 | Crear | Villager (Male) |
| 8:57 | Crear | Villager (Male) |
| 8:58 | Crear | Villager (Male) |
| 8:59 | Crear | Fishing Ship |
| 9:07 | Construir | House |
| 9:44 | Crear | Fishing Ship |
| 10:02 | Crear | Villager (Male) |
| 10:02 | Crear | Villager (Male) |
| 10:21 | Crear | Villager (Male) |
| 10:22 | Crear | Villager (Male) |
| 10:23 | Crear | Villager (Male) |
| 10:23 | Crear | Villager (Male) |
| 10:24 | Crear | Villager (Male) |
| 10:33 | Crear | Fishing Ship |
| 10:52 | Construir | House |
| 11:16 | Crear | Villager (Male) |
| 11:40 | Crear | Villager (Male) |
| 11:45 | Construir | House |
| 11:49 | Construir | Mill |
| 11:53 | Crear | Villager (Male) |
| 12:07 | Crear | Fishing Ship |
| 12:11 | Construir | House |
| 12:19 | Construir | House |
| 12:30 | Construir | House |
| 12:59 | Crear | Villager (Male) |
| 13:01 | Construir | Mining Camp |
| 13:09 | Investigar | Feudal Age |
| 13:55 | Construir | Palisade Wall |
| 15:26 | Crear | Villager (Male) |
| 15:27 | Crear | Villager (Male) |
| 15:36 | Edad | Edad Feudal |
| 15:40 | Construir | Market |
| 15:41 | Construir | Blacksmith |
| 15:51 | Construir | Fish Trap |
| 15:56 | Construir | Fish Trap |
| 16:00 | Construir | Fish Trap |
| 16:03 | Construir | Fish Trap |
| 16:14 | Construir | Fish Trap |
| 16:18 | Crear | Villager (Male) |
| 16:29 | Investigar | Castle Age |
| 16:46 | Investigar | Double-Bit Axe |
| 16:53 | Construir | House |
| 16:59 | Construir | Stone Wall |
| 17:03 | Crear | Villager (Male) |
| 17:07 | Construir | Mill |
| 17:13 | Construir | Mill |
| 17:16 | Crear | Fishing Ship |
| 17:23 | Investigar | Tech 906 |
| 17:23 | Investigar | Tech 906 |
| 17:40 | Construir | Mining Camp |
| 17:43 | Crear | Villager (Male) |
| 18:02 | Construir | Lumber Camp |
| 18:25 | Crear | Fishing Ship |
| 18:34 | Crear | Villager (Male) |
| 18:48 | Construir | Dock |
| 18:58 | Crear | Villager (Male) |
| 18:59 | Crear | Fishing Ship |
| 19:10 | Construir | Fish Trap |
| 19:16 | Crear | Villager (Male) |
| 19:28 | Construir | House |
| 19:28 | Construir | House |
| 19:28 | Construir | House |
| 19:31 | Edad | Edad de los Castillos |
| 19:34 | Construir | House |
| 19:41 | Construir | Fish Trap |
| 20:02 | Investigar | Gillnets |
| 20:02 | Crear | Villager (Male) |
| 20:14 | Construir | Outpost |
| 20:19 | Crear | Fishing Ship |
| 20:19 | Crear | Fishing Ship |
| 20:31 | Construir | Fish Trap |
| 20:50 | Crear | Fishing Ship |
| 20:50 | Crear | Villager (Male) |
| 21:09 | Construir | Fish Trap |
| 21:18 | Investigar | Gold Mining |
| 21:29 | Crear | Fire Galley |
| 21:40 | Construir | Fish Trap |
| 21:42 | Crear | Villager (Male) |
| 21:52 | Construir | House |
| 22:03 | Crear | Fishing Ship |
| 22:11 | Construir | House |
| 22:30 | Crear | Fishing Ship |
| 22:31 | Crear | Villager (Male) |
| 22:53 | Construir | Fish Trap |
| 23:05 | Construir | Monastery |
| 23:17 | Construir | House |
| 23:22 | Crear | Villager (Male) |
| 23:23 | Crear | Villager (Male) |
| 23:49 | Construir | Castle |
| 24:01 | Construir | Monastery |
| 24:08 | Construir | University |
| 24:20 | Crear | Villager (Male) |
| 25:05 | Construir | Town Center |
| 25:14 | Investigar | Fervor |
| 25:14 | Investigar | Imperial Age |
| 25:17 | Construir | Monastery |
| 25:38 | Investigar | Sanctity |
| 25:41 | Construir | Monastery |
Build order — [JA] Salytmacska
Primeras 150 de 697 acciones detectadas
| 0:01 | Crear | Villager (Male) ×4 |
| 0:02 | Construir | House |
| 0:03 | Construir | House |
| 0:39 | Investigar | Loom |
| 1:07 | Construir | House |
| 1:39 | Construir | Palisade Wall |
| 1:44 | Construir | Palisade Wall |
| 1:47 | Construir | Palisade Wall |
| 1:51 | Construir | Palisade Wall |
| 1:52 | Crear | Villager (Male) |
| 1:52 | Crear | Villager (Male) |
| 1:55 | Construir | Palisade Wall |
| 1:58 | Construir | Palisade Wall |
| 1:59 | Construir | Palisade Wall |
| 2:26 | Crear | Villager (Male) |
| 2:43 | Construir | Palisade Wall |
| 2:50 | Crear | Villager (Male) |
| 2:50 | Crear | Villager (Male) |
| 3:17 | Crear | Villager (Male) |
| 3:22 | Crear | Villager (Male) |
| 3:35 | Construir | Palisade Wall |
| 3:36 | Construir | Palisade Wall |
| 3:39 | Construir | Palisade Wall |
| 3:40 | Construir | Palisade Wall |
| 3:58 | Construir | Palisade Wall |
| 3:59 | Construir | Palisade Wall |
| 3:59 | Construir | Palisade Wall |
| 4:06 | Construir | Palisade Wall |
| 4:08 | Crear | Villager (Male) |
| 4:14 | Construir | Palisade Wall |
| 4:14 | Construir | Palisade Wall |
| 4:34 | Construir | Mill |
| 4:36 | Construir | Palisade Wall |
| 4:37 | Construir | Palisade Wall |
| 4:38 | Construir | Palisade Wall |
| 4:43 | Crear | Villager (Male) |
| 5:11 | Crear | Villager (Male) |
| 5:15 | Construir | House |
| 5:30 | Crear | Villager (Male) |
| 5:56 | Crear | Villager (Male) |
| 6:07 | Crear | Villager (Male) |
| 6:13 | Crear | Villager (Male) |
| 6:29 | Crear | Villager (Male) |
| 7:07 | Crear | Villager (Male) |
| 7:49 | Construir | House |
| 7:51 | Construir | House |
| 7:55 | Construir | Palisade Wall |
| 8:09 | Crear | Villager (Male) |
| 8:18 | Construir | Palisade Wall |
| 8:19 | Construir | Palisade Wall |
| 8:35 | Construir | Lumber Camp |
| 9:03 | Crear | Villager (Male) |
| 9:44 | Construir | Dock |
| 9:59 | Crear | Villager (Male) |
| 10:00 | Crear | Villager (Male) |
| 10:15 | Construir | Lumber Camp |
| 10:36 | Investigar | Feudal Age |
| 10:46 | Crear | Fishing Ship |
| 11:06 | Construir | Mining Camp |
| 11:28 | Crear | Villager (Male) |
| 11:30 | Crear | Fishing Ship |
| 11:38 | Construir | House |
| 11:38 | Construir | Palisade Wall |
| 11:39 | Construir | Palisade Wall |
| 11:39 | Construir | Palisade Wall |
| 11:40 | Construir | Palisade Wall |
| 11:41 | Construir | Palisade Wall |
| 11:42 | Construir | Palisade Wall |
| 11:44 | Construir | Palisade Wall |
| 11:47 | Crear | Fishing Ship |
| 12:59 | Edad | Edad Feudal |
| 13:03 | Crear | Villager (Male) |
| 13:03 | Crear | Villager (Male) |
| 13:10 | Construir | Blacksmith |
| 13:24 | Construir | Market |
| 14:02 | Investigar | Town Watch |
| 14:22 | Crear | Fishing Ship |
| 14:38 | Crear | Fishing Ship |
| 14:43 | Investigar | Castle Age |
| 14:58 | Construir | Fish Trap |
| 15:28 | Crear | Villager (Male) |
| 15:35 | Construir | Fish Trap |
| 15:39 | Construir | Fish Trap |
| 15:41 | Crear | Villager (Male) |
| 15:50 | Construir | Fish Trap |
| 15:53 | Crear | Fishing Ship |
| 16:03 | Construir | House |
| 16:04 | Construir | House |
| 16:05 | Construir | House |
| 16:25 | Crear | Fishing Ship |
| 17:23 | Edad | Edad de los Castillos |
| 17:26 | Construir | Town Center |
| 17:32 | Construir | Town Center |
| 17:47 | Investigar | Double-Bit Axe |
| 17:53 | Crear | Villager (Male) |
| 18:04 | Crear | Villager (Male) |
| 18:04 | Crear | Villager (Male) |
| 18:16 | Crear | Villager (Male) |
| 18:18 | Crear | Fishing Ship |
| 18:48 | Crear | Villager (Male) |
| 18:52 | Crear | Villager (Male) |
| 18:52 | Crear | Villager (Male) |
| 18:53 | Crear | Villager (Male) |
| 19:03 | Construir | Fish Trap |
| 19:08 | Construir | Fish Trap |
| 19:18 | Crear | Fishing Ship |
| 19:20 | Crear | Villager (Male) |
| 19:20 | Crear | Villager (Male) |
| 19:37 | Crear | Fishing Ship |
| 19:44 | Construir | Fish Trap |
| 19:57 | Crear | Villager (Male) |
| 19:57 | Crear | Villager (Male) |
| 19:57 | Crear | Villager (Male) |
| 19:58 | Crear | Villager (Male) |
| 20:16 | Investigar | Tech 906 |
| 20:25 | Construir | Fish Trap |
| 20:31 | Crear | Villager (Male) |
| 20:32 | Crear | Villager (Male) |
| 20:32 | Crear | Villager (Male) |
| 20:35 | Construir | Dock |
| 21:02 | Crear | Villager (Male) ×4 |
| 21:14 | Construir | House |
| 21:16 | Construir | House |
| 21:26 | Investigar | Wheelbarrow |
| 21:37 | Crear | Fishing Ship |
| 21:43 | Crear | Fishing Ship |
| 21:47 | Construir | House |
| 21:51 | Construir | House |
| 21:52 | Construir | House |
| 21:56 | Crear | Villager (Male) |
| 21:57 | Crear | Villager (Male) |
| 21:57 | Crear | Villager (Male) |
| 21:58 | Crear | Villager (Male) |
| 22:02 | Construir | Castle |
| 22:09 | Investigar | Horse Collar |
| 22:21 | Construir | Farm |
| 22:22 | Construir | Farm |
| 22:22 | Construir | Farm |
| 22:24 | Construir | Farm |
| 22:25 | Construir | Farm |
| 22:29 | Construir | Farm |
| 22:34 | Construir | Farm |
| 22:35 | Construir | Farm |
| 22:35 | Crear | Villager (Male) |
| 22:36 | Crear | Villager (Male) |
| 22:37 | Crear | Villager (Male) |
| 22:45 | Crear | Villager (Male) |
| 22:48 | Crear | Villager (Male) |
| 22:49 | Crear | Villager (Male) |
| 23:24 | Crear | Villager (Male) |
Build order — KilledByTheBoar
Primeras 150 de 810 acciones detectadas
| 0:00 | Crear | Villager (Male) |
| 0:01 | Crear | Villager (Male) |
| 0:01 | Crear | Villager (Male) |
| 0:02 | Construir | House |
| 0:03 | Construir | House |
| 0:43 | Crear | Villager (Male) |
| 1:27 | Crear | Villager (Male) |
| 1:53 | Crear | Villager (Male) |
| 1:58 | Construir | Lumber Camp |
| 2:21 | Crear | Villager (Male) |
| 2:21 | Crear | Villager (Male) |
| 2:53 | Crear | Villager (Male) |
| 2:54 | Crear | Villager (Male) |
| 2:54 | Crear | Villager (Male) |
| 3:24 | Construir | House |
| 3:41 | Crear | Villager (Male) |
| 4:07 | Crear | Villager (Male) |
| 4:07 | Crear | Villager (Male) |
| 4:14 | Construir | Mill |
| 4:33 | Crear | Villager (Male) |
| 4:52 | Crear | Villager (Male) |
| 4:52 | Crear | Villager (Male) |
| 5:20 | Crear | Villager (Male) |
| 5:20 | Crear | Villager (Male) |
| 5:46 | Crear | Villager (Male) |
| 5:46 | Crear | Villager (Male) |
| 5:51 | Investigar | Loom |
| 6:01 | Construir | Palisade Wall |
| 6:02 | Construir | Palisade Wall |
| 6:10 | Crear | Villager (Male) |
| 6:31 | Construir | House |
| 6:46 | Crear | Villager (Male) |
| 7:02 | Crear | Villager (Male) |
| 7:23 | Crear | Villager (Male) |
| 7:31 | Crear | Villager (Male) |
| 7:31 | Crear | Villager (Male) |
| 8:14 | Construir | House |
| 8:31 | Crear | Villager (Male) |
| 8:54 | Crear | Villager (Male) |
| 9:14 | Crear | Villager (Male) |
| 10:06 | Crear | Villager (Male) |
| 10:10 | Investigar | Feudal Age |
| 10:11 | Investigar | Feudal Age |
| 10:20 | Construir | Mining Camp |
| 11:04 | Crear | Villager (Male) |
| 11:05 | Crear | Villager (Male) |
| 12:20 | Edad | Edad Feudal |
| 12:22 | Construir | Market |
| 12:24 | Construir | Blacksmith |
| 12:58 | Investigar | Double-Bit Axe |
| 12:58 | Investigar | Double-Bit Axe |
| 13:16 | Investigar | Castle Age |
| 13:17 | Investigar | Castle Age |
| 13:20 | Investigar | Horse Collar |
| 13:20 | Investigar | Horse Collar |
| 14:30 | Construir | House |
| 14:43 | Crear | Villager (Male) |
| 15:00 | Construir | Farm |
| 15:01 | Construir | Farm |
| 15:02 | Construir | Farm |
| 15:03 | Construir | Farm |
| 15:39 | Construir | Farm |
| 15:39 | Construir | Farm |
| 15:40 | Construir | Farm |
| 15:50 | Construir | Farm |
| 15:56 | Crear | Villager (Male) |
| 15:56 | Edad | Edad de los Castillos |
| 16:04 | Construir | Town Center |
| 16:08 | Construir | Town Center |
| 16:15 | Crear | Villager (Male) |
| 16:18 | Investigar | Bow Saw |
| 16:34 | Construir | Farm |
| 16:35 | Construir | Farm |
| 16:38 | Crear | Villager (Male) |
| 16:40 | Construir | Farm |
| 16:44 | Construir | Palisade Wall |
| 16:49 | Construir | Farm |
| 17:02 | Construir | Palisade Wall |
| 17:03 | Construir | Palisade Wall |
| 17:03 | Construir | Palisade Wall |
| 17:04 | Construir | Palisade Wall |
| 17:06 | Crear | Villager (Male) |
| 17:19 | Construir | Farm |
| 17:24 | Construir | Farm |
| 17:32 | Crear | Villager (Male) |
| 17:41 | Crear | Villager (Male) |
| 17:41 | Crear | Villager (Male) |
| 17:44 | Construir | Farm |
| 17:47 | Crear | Villager (Male) |
| 17:56 | Construir | House |
| 18:02 | Crear | Villager (Male) |
| 18:07 | Crear | Villager (Male) |
| 18:26 | Construir | Palisade Wall |
| 18:27 | Construir | Palisade Wall |
| 18:28 | Crear | Villager (Male) |
| 18:29 | Crear | Villager (Male) |
| 18:29 | Crear | Villager (Male) |
| 18:29 | Crear | Villager (Male) |
| 18:41 | Construir | Farm |
| 18:50 | Construir | Town Center |
| 19:00 | Construir | Stone Wall |
| 19:04 | Investigar | Wheelbarrow |
| 19:04 | Investigar | Wheelbarrow |
| 19:06 | Construir | Farm |
| 19:08 | Construir | Farm |
| 19:10 | Construir | Farm |
| 19:10 | Crear | Villager (Male) |
| 19:15 | Crear | Villager (Male) |
| 19:15 | Crear | Villager (Male) |
| 19:16 | Construir | Farm |
| 19:20 | Crear | Villager (Male) |
| 19:24 | Construir | Farm |
| 19:30 | Crear | Villager (Male) |
| 19:37 | Construir | Farm |
| 19:37 | Construir | Farm |
| 19:38 | Construir | Farm |
| 19:39 | Construir | Farm |
| 19:49 | Construir | Farm |
| 19:57 | Crear | Villager (Male) |
| 19:57 | Crear | Villager (Male) |
| 19:59 | Construir | Farm |
| 20:06 | Construir | Farm |
| 20:15 | Crear | Villager (Male) |
| 20:15 | Crear | Villager (Male) |
| 20:17 | Construir | Farm |
| 20:23 | Crear | Villager (Male) |
| 20:26 | Construir | Farm |
| 20:33 | Crear | Villager (Male) |
| 20:33 | Crear | Villager (Male) |
| 20:39 | Construir | House |
| 20:42 | Crear | Villager (Male) |
| 20:44 | Construir | House |
| 20:49 | Crear | Villager (Male) |
| 20:53 | Construir | Farm |
| 20:57 | Construir | Farm |
| 20:57 | Construir | Farm |
| 20:59 | Construir | Farm |
| 21:10 | Crear | Villager (Male) |
| 21:10 | Crear | Villager (Male) |
| 21:15 | Construir | Stone Wall |
| 21:16 | Construir | Stone Wall |
| 21:16 | Construir | Stone Wall |
| 21:17 | Construir | Stone Wall |
| 21:22 | Investigar | Hand Cart |
| 21:22 | Investigar | Hand Cart |
| 21:23 | Crear | Villager (Male) |
| 21:27 | Construir | Farm |
| 21:27 | Construir | Farm |
| 21:38 | Construir | Farm |
| 21:38 | Construir | Farm |
Build order — [JA]GyoreE
Primeras 150 de 455 acciones detectadas
| 0:01 | Crear | Villager (Male) |
| 0:01 | Crear | Villager (Male) |
| 0:02 | Crear | Villager (Male) |
| 0:02 | Crear | Villager (Male) |
| 0:02 | Crear | Villager (Male) |
| 0:03 | Construir | House |
| 0:04 | Construir | House |
| 0:57 | Construir | House |
| 1:36 | Crear | Villager (Male) |
| 2:03 | Investigar | Loom |
| 2:31 | Crear | Villager (Male) |
| 2:31 | Crear | Villager (Male) |
| 3:01 | Crear | Villager (Male) |
| 3:01 | Crear | Villager (Male) |
| 3:41 | Crear | Villager (Male) |
| 3:41 | Crear | Villager (Male) |
| 3:46 | Construir | House |
| 3:52 | Construir | Palisade Wall |
| 3:58 | Crear | Villager (Male) |
| 4:34 | Construir | House |
| 4:56 | Construir | Palisade Wall |
| 5:01 | Crear | Villager (Male) |
| 5:02 | Crear | Villager (Male) |
| 5:28 | Crear | Villager (Male) |
| 6:06 | Crear | Villager (Male) |
| 6:19 | Crear | Villager (Male) |
| 6:42 | Crear | Villager (Male) |
| 7:32 | Construir | Lumber Camp |
| 7:34 | Crear | Villager (Male) |
| 7:35 | Crear | Villager (Male) |
| 8:22 | Crear | Villager (Male) |
| 8:41 | Construir | Mill |
| 8:45 | Crear | Villager (Male) |
| 9:17 | Crear | Villager (Male) |
| 9:17 | Crear | Villager (Male) |
| 9:21 | Construir | Dock |
| 9:32 | Construir | Mining Camp |
| 9:41 | Crear | Villager (Male) |
| 10:11 | Investigar | Feudal Age |
| 10:54 | Crear | Fishing Ship |
| 11:09 | Crear | Fishing Ship |
| 11:55 | Construir | Mining Camp |
| 12:02 | Construir | House |
| 12:23 | Crear | Fishing Ship |
| 12:42 | Edad | Edad Feudal |
| 12:44 | Crear | Villager (Male) |
| 12:48 | Construir | Blacksmith |
| 12:52 | Construir | Market |
| 13:08 | Crear | Fishing Ship |
| 13:13 | Crear | Villager (Male) |
| 13:17 | Construir | House |
| 13:56 | Investigar | Castle Age |
| 13:59 | Construir | House |
| 14:02 | Crear | Fishing Ship |
| 14:09 | Construir | Farm |
| 14:09 | Construir | Farm |
| 14:16 | Construir | Fish Trap |
| 14:39 | Construir | House |
| 14:55 | Construir | Fish Trap |
| 14:58 | Investigar | Double-Bit Axe |
| 15:24 | Investigar | Tech 906 |
| 15:49 | Construir | House |
| 16:19 | Construir | Fish Trap |
| 16:22 | Crear | Fishing Ship |
| 16:36 | Edad | Edad de los Castillos |
| 16:38 | Construir | Castle |
| 16:41 | Construir | House |
| 16:43 | Construir | House |
| 16:48 | Crear | Villager (Male) |
| 16:49 | Crear | Villager (Male) |
| 16:57 | Construir | House |
| 17:01 | Construir | Palisade Wall |
| 17:15 | Construir | Palisade Wall |
| 17:41 | Construir | Stone Wall |
| 17:46 | Crear | Janissary |
| 17:46 | Crear | Janissary |
| 17:51 | Construir | Siege Workshop |
| 18:06 | Construir | Fish Trap |
| 18:18 | Crear | Villager (Male) |
| 18:18 | Crear | Villager (Male) |
| 18:43 | Crear | Janissary |
| 19:01 | Crear | Scorpion |
| 19:08 | Construir | Farm |
| 19:09 | Construir | Farm |
| 19:13 | Construir | Farm |
| 19:16 | Crear | Villager (Male) |
| 19:22 | Crear | Villager (Male) |
| 19:56 | Crear | Scorpion |
| 19:57 | Crear | Janissary |
| 20:12 | Construir | Farm |
| 20:16 | Construir | Farm |
| 20:17 | Construir | Farm |
| 20:46 | Crear | Janissary |
| 20:47 | Crear | Villager (Male) |
| 20:47 | Crear | Villager (Male) |
| 20:52 | Crear | Janissary |
| 21:01 | Construir | House |
| 21:06 | Construir | House |
| 21:22 | Construir | House |
| 21:32 | Crear | Janissary |
| 21:39 | Construir | Farm |
| 21:39 | Construir | Farm |
| 21:40 | Construir | Farm |
| 21:52 | Crear | Janissary |
| 22:42 | Crear | Janissary |
| 22:42 | Crear | Janissary |
| 22:52 | Crear | Janissary |
| 23:02 | Crear | Villager (Male) |
| 23:03 | Crear | Villager (Male) |
| 23:33 | Crear | Janissary |
| 23:35 | Crear | Scorpion |
| 23:41 | Crear | Villager (Male) |
| 24:13 | Crear | Villager (Male) |
| 24:57 | Crear | Villager (Male) |
| 25:03 | Construir | House |
| 25:04 | Construir | House |
| 25:05 | Construir | House |
| 25:11 | Crear | Villager (Male) |
| 25:27 | Construir | Farm |
| 25:29 | Crear | Janissary |
| 25:45 | Crear | Villager (Male) |
| 25:48 | Construir | Town Center |
| 26:05 | Construir | Farm |
| 26:06 | Construir | Farm |
| 26:09 | Construir | Farm |
| 26:16 | Crear | Villager (Male) |
| 26:16 | Crear | Villager (Male) |
| 26:33 | Crear | Villager (Male) |
| 26:47 | Investigar | Bow Saw |
| 26:51 | Construir | Farm |
| 27:15 | Crear | Villager (Male) |
| 27:17 | Construir | Farm |
| 27:18 | Construir | Farm |
| 27:18 | Construir | Farm |
| 27:18 | Construir | Farm |
| 27:18 | Construir | Farm |
| 27:19 | Construir | Farm |
| 27:19 | Construir | Farm |
| 27:19 | Construir | Farm |
| 27:19 | Construir | Farm |
| 27:34 | Investigar | Padded Archer Armor |
| 27:47 | Crear | Villager (Male) |
| 27:47 | Crear | Villager (Male) |
| 28:25 | Investigar | Wheelbarrow |
| 28:26 | Crear | Villager (Male) |
| 28:47 | Crear | Villager (Male) |
| 28:48 | Crear | Villager (Male) |
| 28:49 | Crear | Villager (Male) |
| 29:15 | Crear | Villager (Male) |
| 29:15 | Crear | Villager (Male) |
Build order — LSKingdom9970
Primeras 150 de 573 acciones detectadas
| 0:00 | Crear | Villager (Male) |
| 0:01 | Crear | Villager (Male) |
| 0:01 | Crear | Villager (Male) |
| 0:03 | Construir | House |
| 0:04 | Construir | House |
| 0:12 | Crear | Villager (Male) |
| 0:36 | Crear | Villager (Male) |
| 0:43 | Crear | Villager (Male) |
| 1:28 | Crear | Villager (Male) |
| 1:28 | Crear | Villager (Male) |
| 1:46 | Construir | Lumber Camp |
| 1:49 | Crear | Villager (Male) |
| 2:39 | Crear | Villager (Male) |
| 3:01 | Crear | Villager (Male) |
| 3:21 | Crear | Villager (Male) |
| 3:37 | Crear | Villager (Male) |
| 4:05 | Construir | House |
| 4:18 | Crear | Villager (Male) |
| 4:32 | Crear | Villager (Male) |
| 5:10 | Crear | Villager (Male) |
| 5:32 | Crear | Villager (Male) |
| 5:32 | Crear | Villager (Male) |
| 5:42 | Crear | Villager (Male) |
| 5:47 | Crear | Villager (Male) |
| 5:57 | Construir | House |
| 5:59 | Crear | Villager (Male) |
| 6:25 | Crear | Villager (Male) |
| 6:46 | Crear | Villager (Male) |
| 6:51 | Crear | Villager (Male) |
| 6:56 | Construir | Mill |
| 7:10 | Crear | Villager (Male) |
| 7:39 | Construir | Mining Camp |
| 7:51 | Investigar | Feudal Age |
| 8:40 | Crear | Villager (Male) |
| 8:57 | Construir | Palisade Wall |
| 9:17 | Construir | House |
| 9:26 | Construir | House |
| 10:10 | Construir | Market |
| 10:22 | Construir | Blacksmith |
| 10:27 | Crear | Villager (Male) |
| 11:05 | Investigar | Castle Age |
| 11:46 | Construir | Lumber Camp |
| 12:12 | Construir | House |
| 12:28 | Construir | House |
| 12:51 | Crear | Villager (Male) |
| 12:56 | Investigar | Double-Bit Axe |
| 13:46 | Construir | Town Center |
| 14:04 | Crear | Villager (Male) |
| 14:05 | Crear | Villager (Male) |
| 14:07 | Construir | Monastery |
| 14:31 | Investigar | Bow Saw |
| 14:40 | Investigar | Horse Collar |
| 14:40 | Investigar | Horse Collar |
| 14:44 | Crear | Villager (Male) |
| 14:50 | Crear | Monk |
| 14:59 | Crear | Villager (Male) |
| 15:07 | Construir | House |
| 15:20 | Crear | Villager (Male) |
| 15:23 | Crear | Villager (Male) |
| 15:39 | Crear | Villager (Male) |
| 15:46 | Construir | Town Center |
| 15:47 | Crear | Villager (Male) |
| 15:52 | Crear | Monk |
| 15:56 | Crear | Villager (Male) |
| 16:00 | Construir | Farm |
| 16:01 | Crear | Villager (Male) |
| 16:04 | Crear | Villager (Male) |
| 16:08 | Construir | Farm |
| 16:22 | Construir | Farm |
| 16:29 | Construir | Farm |
| 16:30 | Crear | Villager (Male) |
| 16:33 | Construir | Farm |
| 16:51 | Crear | Villager (Male) |
| 16:56 | Crear | Villager (Male) |
| 16:59 | Construir | Farm |
| 17:01 | Construir | Farm |
| 17:02 | Crear | Villager (Male) |
| 17:04 | Construir | House |
| 17:05 | Construir | House |
| 17:14 | Construir | Farm |
| 17:15 | Construir | Farm |
| 17:22 | Crear | Villager (Male) |
| 17:22 | Crear | Villager (Male) |
| 17:25 | Construir | Farm |
| 17:26 | Construir | Farm |
| 17:26 | Construir | Farm |
| 17:27 | Construir | Farm |
| 17:41 | Crear | Villager (Male) |
| 17:41 | Crear | Villager (Male) |
| 18:00 | Crear | Villager (Male) |
| 18:05 | Construir | Farm |
| 18:06 | Construir | Farm |
| 18:08 | Construir | Farm |
| 18:09 | Construir | Farm |
| 18:12 | Construir | Farm |
| 18:13 | Construir | Farm |
| 18:15 | Crear | Villager (Male) |
| 18:15 | Crear | Villager (Male) |
| 18:18 | Construir | Farm |
| 18:19 | Construir | Farm |
| 18:21 | Crear | Villager (Male) |
| 18:22 | Crear | Villager (Male) |
| 18:23 | Crear | Villager (Male) |
| 18:26 | Construir | House |
| 18:28 | Construir | House |
| 18:31 | Crear | Villager (Male) |
| 18:34 | Construir | Farm |
| 18:47 | Construir | Farm |
| 18:55 | Investigar | Wheelbarrow |
| 18:55 | Investigar | Wheelbarrow |
| 19:02 | Crear | Villager (Male) |
| 19:02 | Crear | Villager (Male) |
| 19:05 | Crear | Villager (Male) |
| 19:06 | Crear | Villager (Male) |
| 19:11 | Construir | Farm |
| 19:15 | Construir | Farm |
| 19:15 | Construir | Farm |
| 19:18 | Construir | Mining Camp |
| 19:20 | Crear | Villager (Male) |
| 19:21 | Crear | Villager (Male) |
| 19:31 | Crear | Villager (Male) |
| 19:31 | Crear | Villager (Male) |
| 19:35 | Construir | House |
| 19:36 | Construir | House |
| 19:37 | Construir | House |
| 19:44 | Crear | Villager (Male) |
| 19:47 | Crear | Villager (Male) |
| 19:56 | Construir | Farm |
| 19:56 | Construir | Farm |
| 19:58 | Construir | Farm |
| 20:16 | Crear | Villager (Male) |
| 20:16 | Crear | Villager (Male) |
| 20:17 | Crear | Villager (Male) |
| 20:29 | Crear | Villager (Male) |
| 20:32 | Construir | Farm |
| 20:33 | Construir | Farm |
| 20:41 | Crear | Villager (Male) |
| 20:46 | Investigar | Hand Cart |
| 20:48 | Crear | Villager (Male) |
| 20:48 | Crear | Villager (Male) |
| 21:00 | Crear | Villager (Male) |
| 21:03 | Crear | Villager (Male) |
| 21:09 | Construir | House |
| 21:10 | Construir | House |
| 21:11 | Construir | House |
| 21:11 | Construir | House |
| 21:29 | Construir | Town Center |
| 21:39 | Construir | Farm |
| 21:40 | Construir | Farm |
| 21:43 | Crear | Villager (Male) |
Build order — [JA]adaaaam
Primeras 150 de 511 acciones detectadas
| 0:01 | Crear | Villager (Male) |
| 0:02 | Construir | House |
| 0:03 | Construir | House |
| 0:04 | Crear | Villager (Male) |
| 0:04 | Crear | Villager (Male) |
| 0:08 | Crear | Villager (Male) |
| 1:38 | Crear | Villager (Male) |
| 1:53 | Crear | Villager (Male) |
| 2:00 | Construir | Lumber Camp |
| 2:31 | Crear | Villager (Male) |
| 2:52 | Crear | Villager (Male) |
| 3:04 | Crear | Villager (Male) |
| 3:44 | Crear | Villager (Male) |
| 3:51 | Construir | House |
| 4:02 | Crear | Villager (Male) |
| 4:24 | Construir | Dock |
| 4:30 | Crear | Villager (Male) |
| 4:55 | Crear | Villager (Male) |
| 5:12 | Crear | Villager (Male) |
| 5:14 | Crear | Fishing Ship |
| 5:33 | Crear | Villager (Male) |
| 5:39 | Construir | House |
| 6:08 | Crear | Villager (Male) |
| 6:08 | Crear | Villager (Male) |
| 6:10 | Crear | Fishing Ship |
| 6:24 | Crear | Villager (Male) |
| 6:37 | Construir | House |
| 6:58 | Crear | Villager (Male) |
| 7:10 | Crear | Fishing Ship |
| 7:17 | Crear | Villager (Male) |
| 8:05 | Construir | Mining Camp |
| 8:19 | Crear | Villager (Male) |
| 8:39 | Investigar | Feudal Age |
| 8:43 | Crear | Fishing Ship |
| 9:22 | Construir | Mill |
| 9:32 | Crear | Fishing Ship |
| 9:45 | Crear | Villager (Male) |
| 9:45 | Crear | Villager (Male) |
| 10:56 | Edad | Edad Feudal |
| 10:57 | Construir | Market |
| 11:08 | Construir | House |
| 11:23 | Construir | Blacksmith |
| 11:56 | Investigar | Castle Age |
| 11:58 | Investigar | Double-Bit Axe |
| 13:03 | Crear | Villager (Male) |
| 13:13 | Construir | Fish Trap |
| 13:19 | Construir | House |
| 13:21 | Construir | House |
| 13:28 | Construir | Fish Trap |
| 14:08 | Crear | Villager (Male) |
| 14:28 | Crear | Villager (Male) |
| 14:36 | Edad | Edad de los Castillos |
| 14:39 | Construir | Town Center |
| 14:46 | Construir | Town Center |
| 14:48 | Crear | Villager (Male) |
| 15:03 | Investigar | Bow Saw |
| 15:16 | Construir | Fish Trap |
| 15:26 | Crear | Villager (Male) |
| 15:35 | Crear | Villager (Male) |
| 15:45 | Construir | Fish Trap |
| 15:47 | Crear | Villager (Male) |
| 15:48 | Crear | Villager (Male) |
| 16:02 | Crear | Villager (Male) |
| 16:05 | Construir | Fish Trap |
| 16:12 | Crear | Villager (Male) |
| 16:13 | Crear | Villager (Male) |
| 16:26 | Investigar | Tech 906 |
| 16:28 | Crear | Villager (Male) |
| 16:28 | Crear | Villager (Male) |
| 16:28 | Crear | Villager (Male) |
| 16:34 | Construir | House |
| 16:35 | Construir | House |
| 16:36 | Construir | House |
| 16:54 | Construir | Dock |
| 16:56 | Crear | Villager (Male) |
| 16:56 | Crear | Villager (Male) |
| 16:58 | Investigar | Horse Collar |
| 17:17 | Crear | Villager (Male) |
| 17:17 | Crear | Villager (Male) |
| 17:17 | Crear | Villager (Male) |
| 17:26 | Construir | Monastery |
| 17:28 | Crear | Fishing Ship |
| 17:31 | Crear | Villager (Male) |
| 17:32 | Crear | Villager (Male) |
| 17:36 | Crear | Fishing Ship |
| 17:41 | Investigar | Gillnets |
| 17:47 | Crear | Villager (Male) |
| 17:54 | Construir | House |
| 17:55 | Construir | House |
| 17:58 | Crear | Villager (Male) |
| 18:12 | Investigar | Heavy Plow |
| 18:21 | Construir | Fish Trap |
| 18:24 | Construir | Fish Trap |
| 18:27 | Crear | Fishing Ship |
| 18:28 | Crear | Fishing Ship |
| 18:30 | Crear | Villager (Male) |
| 18:45 | Construir | House |
| 18:45 | Construir | House |
| 18:54 | Crear | Villager (Male) |
| 18:54 | Crear | Villager (Male) |
| 19:01 | Construir | Town Center |
| 19:07 | Crear | Villager (Male) |
| 19:09 | Investigar | Loom |
| 19:14 | Construir | Fish Trap |
| 19:15 | Crear | Fishing Ship |
| 19:15 | Crear | Fishing Ship |
| 19:23 | Construir | Farm |
| 19:23 | Crear | Villager (Male) |
| 19:24 | Crear | Villager (Male) |
| 19:29 | Construir | Fish Trap |
| 19:37 | Crear | Fishing Ship |
| 19:57 | Construir | Gate |
| 20:00 | Construir | Stone Wall |
| 20:06 | Construir | Stone Wall |
| 20:07 | Crear | Villager (Male) |
| 20:08 | Crear | Villager (Male) |
| 20:08 | Crear | Villager (Male) |
| 20:13 | Construir | Farm |
| 20:14 | Construir | Farm |
| 20:15 | Construir | Farm |
| 20:16 | Construir | Farm |
| 20:17 | Construir | Farm |
| 20:18 | Construir | Farm |
| 20:20 | Crear | Monk |
| 20:21 | Crear | Villager (Male) |
| 20:22 | Crear | Villager (Male) |
| 20:27 | Construir | Fish Trap |
| 20:34 | Construir | Fish Trap |
| 20:46 | Construir | House |
| 20:48 | Construir | Fish Trap |
| 20:51 | Crear | Villager (Male) |
| 21:03 | Crear | Villager (Male) |
| 21:04 | Crear | Villager (Male) |
| 21:04 | Crear | Villager (Male) |
| 21:08 | Construir | Farm |
| 21:09 | Construir | Lumber Camp |
| 21:27 | Crear | Villager (Male) |
| 21:27 | Crear | Villager (Male) |
| 21:33 | Crear | Villager (Male) |
| 21:43 | Crear | Fishing Ship |
| 21:43 | Crear | Fishing Ship |
| 21:47 | Construir | Farm |
| 21:48 | Construir | Farm |
| 21:49 | Construir | Farm |
| 21:50 | Crear | Villager (Male) |
| 21:51 | Crear | Villager (Male) |
| 21:58 | Construir | Mining Camp |
| 22:06 | Construir | House |
| 22:06 | Construir | House |
| 22:07 | Construir | House |
Build order — [JA]SchleK SobeR
Primeras 150 de 748 acciones detectadas
| 0:01 | Crear | Villager (Male) |
| 0:01 | Crear | Villager (Male) |
| 0:01 | Crear | Villager (Male) |
| 0:03 | Construir | House |
| 0:04 | Construir | House |
| 0:19 | Crear | Villager (Male) |
| 0:19 | Crear | Villager (Male) |
| 1:32 | Crear | Villager (Male) |
| 1:44 | Construir | Lumber Camp |
| 2:18 | Crear | Villager (Male) |
| 2:19 | Crear | Villager (Male) |
| 2:37 | Crear | Villager (Male) |
| 2:58 | Crear | Villager (Male) |
| 2:59 | Crear | Villager (Male) |
| 3:20 | Crear | Villager (Male) |
| 3:45 | Crear | Villager (Male) |
| 3:46 | Crear | Villager (Male) |
| 4:05 | Crear | Villager (Male) |
| 4:15 | Construir | Mill |
| 4:57 | Crear | Villager (Male) |
| 4:58 | Crear | Villager (Male) |
| 5:00 | Construir | House |
| 5:04 | Investigar | Loom |
| 5:04 | Crear | Villager (Male) |
| 5:06 | Construir | House |
| 5:08 | Crear | Villager (Male) |
| 5:31 | Crear | Villager (Male) |
| 6:02 | Crear | Villager (Male) |
| 6:30 | Crear | Villager (Male) |
| 6:56 | Crear | Villager (Male) |
| 7:03 | Crear | Villager (Male) |
| 7:21 | Crear | Villager (Male) |
| 8:14 | Construir | Farm |
| 8:14 | Construir | Farm |
| 8:15 | Construir | Farm |
| 8:31 | Crear | Villager (Male) |
| 8:53 | Construir | Mill |
| 9:13 | Crear | Villager (Male) |
| 9:23 | Crear | Villager (Male) |
| 9:26 | Construir | House |
| 9:50 | Construir | Mining Camp |
| 9:56 | Investigar | Feudal Age |
| 10:29 | Crear | Villager (Male) |
| 10:30 | Crear | Villager (Male) |
| 11:10 | Construir | Farm |
| 11:18 | Construir | Farm |
| 12:11 | Construir | House |
| 12:14 | Edad | Edad Feudal |
| 12:16 | Construir | House |
| 12:19 | Construir | Market |
| 12:22 | Construir | Blacksmith |
| 12:59 | Construir | House |
| 13:13 | Investigar | Castle Age |
| 13:34 | Construir | House |
| 13:40 | Crear | Villager (Male) |
| 13:40 | Crear | Villager (Male) |
| 14:11 | Construir | House |
| 14:57 | Construir | House |
| 15:00 | Construir | House |
| 15:46 | Construir | House |
| 15:53 | Edad | Edad de los Castillos |
| 16:11 | Construir | Town Center |
| 16:28 | Crear | Villager (Male) |
| 16:28 | Crear | Villager (Male) |
| 16:32 | Crear | Villager (Male) |
| 16:33 | Crear | Villager (Male) |
| 16:35 | Construir | House |
| 17:16 | Construir | Farm |
| 17:25 | Construir | Farm |
| 17:29 | Construir | Town Center |
| 17:31 | Crear | Villager (Male) |
| 17:31 | Crear | Villager (Male) |
| 17:38 | Construir | House |
| 17:48 | Investigar | Double-Bit Axe |
| 18:09 | Crear | Villager (Male) |
| 18:09 | Crear | Villager (Male) |
| 18:19 | Crear | Villager (Male) |
| 18:19 | Crear | Villager (Male) |
| 18:24 | Construir | House |
| 18:25 | Construir | House |
| 18:33 | Construir | Farm |
| 18:40 | Investigar | Bow Saw |
| 18:42 | Investigar | Horse Collar |
| 19:00 | Crear | Villager (Male) |
| 19:01 | Crear | Villager (Male) |
| 19:05 | Construir | Farm |
| 19:07 | Construir | Farm |
| 19:09 | Construir | Farm |
| 19:20 | Construir | Stone Wall |
| 19:25 | Crear | Villager (Male) |
| 19:25 | Crear | Villager (Male) |
| 19:36 | Construir | Farm |
| 19:38 | Construir | Farm |
| 19:39 | Construir | Farm |
| 19:46 | Crear | Villager (Male) |
| 19:46 | Crear | Villager (Male) |
| 19:58 | Construir | Gate |
| 20:05 | Crear | Villager (Male) |
| 20:11 | Crear | Villager (Male) |
| 20:11 | Crear | Villager (Male) |
| 20:13 | Construir | Farm |
| 20:16 | Crear | Villager (Male) |
| 20:16 | Crear | Villager (Male) |
| 20:19 | Crear | Villager (Male) |
| 20:19 | Crear | Villager (Male) |
| 20:23 | Construir | Town Center |
| 20:36 | Construir | Farm |
| 20:39 | Crear | Villager (Male) |
| 20:39 | Crear | Villager (Male) |
| 20:44 | Construir | Farm |
| 20:46 | Construir | Farm |
| 20:49 | Construir | Farm |
| 20:53 | Crear | Villager (Male) |
| 21:01 | Construir | Stone Wall |
| 21:03 | Construir | Stone Wall |
| 21:11 | Construir | Stone Wall |
| 21:20 | Crear | Villager (Male) |
| 21:20 | Crear | Villager (Male) |
| 21:21 | Construir | Farm |
| 21:27 | Construir | Farm |
| 21:33 | Crear | Villager (Male) |
| 21:33 | Crear | Villager (Male) |
| 21:34 | Crear | Villager (Male) |
| 21:34 | Crear | Villager (Male) |
| 21:49 | Crear | Villager (Male) |
| 21:49 | Crear | Villager (Male) |
| 21:51 | Construir | Farm |
| 21:54 | Construir | Farm |
| 21:55 | Construir | Farm |
| 21:57 | Construir | Farm |
| 21:58 | Crear | Villager (Male) |
| 21:58 | Crear | Villager (Male) |
| 22:14 | Crear | Villager (Male) |
| 22:14 | Crear | Villager (Male) |
| 22:18 | Construir | Monastery |
| 22:20 | Construir | Farm |
| 22:23 | Crear | Villager (Male) |
| 22:24 | Crear | Villager (Male) |
| 22:27 | Construir | Farm |
| 22:29 | Crear | Villager (Male) |
| 22:30 | Crear | Villager (Male) |
| 22:32 | Crear | Villager (Male) |
| 22:32 | Crear | Villager (Male) |
| 22:39 | Construir | Farm |
| 22:40 | Construir | Farm |
| 22:41 | Crear | Villager (Male) |
| 22:41 | Crear | Villager (Male) |
| 22:47 | Construir | Farm |
| 22:53 | Crear | Villager (Male) |
| 22:59 | Investigar | Gold Mining |
Build order — Sorbeet
Primeras 150 de 597 acciones detectadas
| 0:01 | Crear | Villager (Male) |
| 0:01 | Crear | Villager (Male) |
| 0:02 | Construir | House |
| 0:03 | Construir | House |
| 0:24 | Crear | Villager (Male) |
| 0:50 | Crear | Villager (Male) |
| 1:20 | Crear | Villager (Male) |
| 1:40 | Crear | Villager (Male) |
| 1:40 | Crear | Villager (Male) |
| 2:24 | Investigar | Loom |
| 2:36 | Crear | Villager (Male) |
| 2:36 | Crear | Villager (Male) |
| 2:51 | Crear | Villager (Male) |
| 3:09 | Construir | Palisade Wall |
| 3:14 | Construir | Palisade Wall |
| 3:15 | Construir | Palisade Wall |
| 3:20 | Construir | Palisade Wall |
| 3:21 | Construir | Palisade Wall |
| 3:23 | Construir | Palisade Wall |
| 3:43 | Crear | Villager (Male) |
| 3:43 | Crear | Villager (Male) |
| 3:47 | Construir | Palisade Wall |
| 4:06 | Construir | Palisade Wall |
| 4:08 | Construir | Palisade Wall |
| 4:11 | Construir | Palisade Wall |
| 4:14 | Construir | Palisade Wall |
| 4:15 | Crear | Villager (Male) |
| 4:15 | Crear | Villager (Male) |
| 4:30 | Crear | Villager (Male) |
| 4:41 | Construir | Lumber Camp |
| 4:57 | Construir | House |
| 5:01 | Crear | Villager (Male) |
| 5:27 | Crear | Villager (Male) |
| 5:29 | Crear | Villager (Male) |
| 6:31 | Construir | House |
| 6:55 | Crear | Villager (Male) |
| 6:55 | Crear | Villager (Male) |
| 7:30 | Crear | Villager (Male) |
| 7:35 | Construir | Palisade Wall |
| 7:42 | Crear | Villager (Male) |
| 8:07 | Crear | Villager (Male) |
| 8:14 | Construir | Mining Camp |
| 8:22 | Crear | Villager (Male) |
| 8:29 | Construir | Palisade Wall |
| 8:35 | Construir | House |
| 9:20 | Crear | Villager (Male) |
| 9:33 | Investigar | Feudal Age |
| 9:45 | Construir | Mill |
| 11:30 | Crear | Villager (Male) |
| 11:31 | Crear | Villager (Male) |
| 11:46 | Edad | Edad Feudal |
| 11:47 | Construir | Market |
| 11:48 | Construir | Blacksmith |
| 11:49 | Crear | Villager (Male) |
| 12:30 | Construir | Mining Camp |
| 12:35 | Investigar | Castle Age |
| 13:01 | Investigar | Double-Bit Axe |
| 14:02 | Construir | House |
| 14:51 | Crear | Villager (Male) |
| 14:51 | Crear | Villager (Male) |
| 14:51 | Crear | Villager (Male) |
| 15:00 | Construir | Dock |
| 15:16 | Edad | Edad de los Castillos |
| 15:30 | Construir | Castle |
| 15:45 | Crear | Villager (Male) |
| 15:58 | Crear | Fishing Ship |
| 15:58 | Crear | Fishing Ship |
| 16:20 | Investigar | Fletching |
| 16:37 | Crear | Longbowman |
| 16:37 | Crear | Longbowman |
| 16:37 | Crear | Longbowman |
| 16:38 | Crear | Longbowman |
| 16:59 | Crear | Longbowman |
| 17:00 | Crear | Villager (Male) |
| 17:23 | Crear | Longbowman |
| 17:24 | Crear | Longbowman |
| 17:34 | Crear | Villager (Male) |
| 17:42 | Construir | Watch Tower |
| 17:45 | Crear | Longbowman |
| 18:08 | Construir | Siege Workshop |
| 18:08 | Crear | Villager (Male) |
| 18:09 | Crear | Villager (Male) |
| 18:09 | Crear | Longbowman |
| 18:09 | Crear | Longbowman |
| 18:23 | Crear | Fishing Ship |
| 18:38 | Crear | Longbowman |
| 18:39 | Crear | Villager (Male) |
| 19:23 | Construir | Stone Wall |
| 19:25 | Crear | Villager (Male) |
| 19:26 | Crear | Longbowman |
| 19:27 | Crear | Longbowman |
| 19:27 | Crear | Longbowman |
| 19:39 | Crear | Longbowman |
| 20:18 | Crear | Villager (Male) |
| 20:36 | Construir | Siege Workshop |
| 20:36 | Crear | Villager (Male) |
| 20:37 | Crear | Villager (Male) |
| 20:39 | Crear | Longbowman |
| 20:39 | Crear | Longbowman |
| 20:39 | Crear | Longbowman |
| 20:40 | Crear | Longbowman |
| 20:56 | Crear | Fishing Ship |
| 20:56 | Crear | Fishing Ship |
| 21:27 | Crear | Longbowman |
| 21:37 | Crear | Villager (Male) |
| 21:37 | Crear | Villager (Male) |
| 21:45 | Construir | House |
| 21:45 | Construir | House |
| 21:52 | Crear | Villager (Male) |
| 21:53 | Crear | Villager (Male) |
| 22:24 | Crear | Mangonel |
| 22:52 | Crear | Villager (Male) |
| 22:52 | Crear | Villager (Male) |
| 23:37 | Construir | Lumber Camp |
| 23:42 | Crear | Villager (Male) |
| 23:47 | Construir | House |
| 23:47 | Construir | House |
| 24:10 | Construir | Farm |
| 24:11 | Construir | Farm |
| 24:43 | Construir | Farm |
| 24:44 | Construir | Farm |
| 24:49 | Construir | Farm |
| 24:50 | Construir | Farm |
| 24:51 | Crear | Villager (Male) |
| 25:32 | Construir | Fish Trap |
| 25:38 | Construir | Fish Trap |
| 25:47 | Construir | Mining Camp |
| 26:08 | Construir | Fish Trap |
| 26:39 | Investigar | Imperial Age |
| 26:40 | Investigar | Imperial Age |
| 27:43 | Construir | Gate |
| 27:48 | Crear | Villager (Male) |
| 27:48 | Crear | Villager (Male) |
| 27:49 | Crear | Villager (Male) |
| 27:49 | Crear | Villager (Male) |
| 28:03 | Construir | Stone Wall |
| 28:18 | Construir | Stone Wall |
| 28:30 | Crear | Villager (Male) |
| 28:31 | Crear | Villager (Male) |
| 28:37 | Crear | Longbowman |
| 28:37 | Crear | Longbowman |
| 28:37 | Crear | Longbowman |
| 28:38 | Crear | Longbowman |
| 28:38 | Crear | Longbowman |
| 28:46 | Construir | Mining Camp |
| 29:08 | Crear | Longbowman |
| 29:09 | Crear | Villager (Male) |
| 29:16 | Investigar | Gold Mining |
| 29:22 | Investigar | Bow Saw |
| 29:23 | Crear | Villager (Male) |
Cronología de la partida
| 1:39 | [JA] Salytmacska · wall_segment Palisade Wall x1 |
| 1:44 | [JA] Salytmacska · wall_segment Palisade Wall x1 |
| 1:47 | [JA] Salytmacska · wall_segment Palisade Wall x1 |
| 1:51 | [JA] Salytmacska · wall_segment Palisade Wall x1 |
| 1:55 | [JA] Salytmacska · wall_segment Palisade Wall x1 |
| 1:58 | [JA] Salytmacska · wall_segment Palisade Wall x1 |
| 1:59 | [JA] Salytmacska · wall_segment Palisade Wall x1 |
| 2:43 | [JA] Salytmacska · wall_segment Palisade Wall x1 |
| 3:09 | Sorbeet · wall_segment Palisade Wall x7 |
| 3:14 | Sorbeet · wall_segment Palisade Wall x1 |
| 3:15 | Sorbeet · wall_segment Palisade Wall x1 |
| 3:20 | Sorbeet · wall_segment Palisade Wall x1 |
| 3:21 | Sorbeet · wall_segment Palisade Wall x1 |
| 3:23 | Sorbeet · wall_segment Palisade Wall x1 |
| 3:35 | [JA] Salytmacska · wall_segment Palisade Wall x1 |
| 3:36 | [JA] Salytmacska · wall_segment Palisade Wall x1 |
| 3:39 | [JA] Salytmacska · wall_segment Palisade Wall x1 |
| 3:40 | [JA] Salytmacska · wall_segment Palisade Wall x1 |
| 3:47 | Sorbeet · wall_segment Palisade Wall x1 |
| 3:52 | [JA]GyoreE · wall_segment Palisade Wall x5 |
| 3:58 | [JA] Salytmacska · wall_segment Palisade Wall x1 |
| 3:59 | [JA] Salytmacska · wall_segment Palisade Wall x1 |
| 3:59 | [JA] Salytmacska · wall_segment Palisade Wall x1 |
| 4:06 | Sorbeet · wall_segment Palisade Wall x1 |
| 4:06 | [JA] Salytmacska · wall_segment Palisade Wall x1 |
| 4:08 | Sorbeet · wall_segment Palisade Wall x1 |
| 4:11 | Sorbeet · wall_segment Palisade Wall x1 |
| 4:14 | [JA] Salytmacska · wall_segment Palisade Wall x1 |
| 4:14 | [JA] Salytmacska · wall_segment Palisade Wall x1 |
| 4:14 | Sorbeet · wall_segment Palisade Wall x1 |
| 4:24 | [JA]adaaaam · first_building Dock |
| 4:36 | [JA] Salytmacska · wall_segment Palisade Wall x1 |
| 4:37 | [JA] Salytmacska · wall_segment Palisade Wall x1 |
| 4:38 | [JA] Salytmacska · wall_segment Palisade Wall x1 |
| 4:45 | The_CoMbaTaND · first_building Dock |
| 4:56 | [JA]GyoreE · wall_segment Palisade Wall x7 |
| 6:01 | KilledByTheBoar · wall_segment Palisade Wall x1 |
| 6:02 | KilledByTheBoar · wall_segment Palisade Wall x1 |
| 7:33 | The_CoMbaTaND · wall_segment Palisade Wall x8 |
| 7:35 | Sorbeet · wall_segment Palisade Wall x8 |
| 7:55 | [JA] Salytmacska · wall_segment Palisade Wall x6 |
| 8:18 | [JA] Salytmacska · wall_segment Palisade Wall x1 |
| 8:19 | [JA] Salytmacska · wall_segment Palisade Wall x1 |
| 8:29 | Sorbeet · wall_segment Palisade Wall x8 |
| 8:57 | LSKingdom9970 · wall_segment Palisade Wall x1 |
| 9:21 | [JA]GyoreE · first_building Dock |
| 9:44 | [JA] Salytmacska · first_building Dock |
| 10:56 | [JA]adaaaam · age_up feudal |
| 11:38 | [JA] Salytmacska · wall_segment Palisade Wall x1 |
| 11:39 | [JA] Salytmacska · wall_segment Palisade Wall x1 |
| 11:39 | [JA] Salytmacska · wall_segment Palisade Wall x1 |
| 11:40 | [JA] Salytmacska · wall_segment Palisade Wall x1 |
| 11:41 | [JA] Salytmacska · wall_segment Palisade Wall x1 |
| 11:42 | [JA] Salytmacska · wall_segment Palisade Wall x1 |
| 11:44 | [JA] Salytmacska · wall_segment Palisade Wall x5 |
| 11:46 | Sorbeet · age_up feudal |
| 12:14 | [JA]SchleK SobeR · age_up feudal |
| 12:20 | KilledByTheBoar · age_up feudal |
| 12:42 | [JA]GyoreE · age_up feudal |
| 12:59 | [JA] Salytmacska · age_up feudal |
| 13:55 | The_CoMbaTaND · wall_segment Palisade Wall x7 |
| 14:07 | LSKingdom9970 · first_building Monastery |
| 14:11 | [JA] Salytmacska · first_market_sell 100 wood |
| 14:12 | [JA] Salytmacska · first_market_buy 100 food |
| 14:36 | [JA]adaaaam · age_up castle |
| 15:00 | [JA]adaaaam · first_market_buy 100 wood |
| 15:00 | Sorbeet · first_building Dock |
| 15:08 | Sorbeet · first_market_buy 100 stone |
| 15:16 | Sorbeet · age_up castle |
| 15:30 | Sorbeet · first_building Castle |
| 15:36 | The_CoMbaTaND · age_up feudal |
| 15:53 | [JA]SchleK SobeR · age_up castle |
| 15:56 | KilledByTheBoar · age_up castle |
| 16:36 | [JA]GyoreE · age_up castle |
| 16:38 | [JA]GyoreE · first_building Castle |
| 16:44 | KilledByTheBoar · wall_segment Palisade Wall x1 |
| 16:59 | The_CoMbaTaND · wall_segment Stone Wall x6 |
| 17:01 | [JA]GyoreE · wall_segment Palisade Wall x1 |
| 17:02 | KilledByTheBoar · wall_segment Palisade Wall x1 |
| 17:03 | KilledByTheBoar · wall_segment Palisade Wall x1 |
| 17:03 | KilledByTheBoar · wall_segment Palisade Wall x1 |
| 17:04 | KilledByTheBoar · wall_segment Palisade Wall x2 |
| 17:15 | [JA]GyoreE · wall_segment Palisade Wall x1 |
| 17:23 | [JA] Salytmacska · age_up castle |
| 17:26 | [JA]adaaaam · first_building Monastery |
| 17:41 | [JA]GyoreE · wall_segment Stone Wall x1 |
| 17:51 | [JA]GyoreE · first_building Siege Workshop |
| 18:08 | Sorbeet · first_building Siege Workshop |
| 18:21 | LSKingdom9970 · first_market_buy 100 food |
| 18:22 | [JA]GyoreE · first_market_sell 100 wood |
| 18:26 | KilledByTheBoar · wall_segment Palisade Wall x1 |
| 18:27 | KilledByTheBoar · wall_segment Palisade Wall x1 |
| 18:47 | KilledByTheBoar · first_market_buy 100 stone |
| 19:00 | KilledByTheBoar · wall_segment Stone Wall x7 |
| 19:20 | [JA]SchleK SobeR · wall_segment Stone Wall x7 |
| 19:23 | Sorbeet · wall_segment Stone Wall x1 |
| 19:31 | The_CoMbaTaND · age_up castle |
| 19:51 | [JA]SchleK SobeR · first_market_buy 100 stone |
| 20:00 | [JA]adaaaam · wall_segment Stone Wall x1 |
| 20:06 | [JA]adaaaam · wall_segment Stone Wall x1 |
| 21:01 | [JA]SchleK SobeR · wall_segment Stone Wall x3 |
| 21:03 | [JA]SchleK SobeR · wall_segment Stone Wall x3 |
| 21:11 | [JA]SchleK SobeR · wall_segment Stone Wall x1 |
| 21:15 | KilledByTheBoar · wall_segment Stone Wall x1 |
| 21:16 | KilledByTheBoar · wall_segment Stone Wall x1 |
| 21:16 | KilledByTheBoar · wall_segment Stone Wall x1 |
| 21:17 | KilledByTheBoar · wall_segment Stone Wall x1 |
| 22:02 | [JA] Salytmacska · first_building Castle |
| 22:18 | [JA]SchleK SobeR · first_building Monastery |
| 22:34 | The_CoMbaTaND · first_market_buy 100 food |
| 22:35 | The_CoMbaTaND · first_market_sell 100 wood |
| 23:05 | The_CoMbaTaND · first_building Monastery |
| 23:21 | [JA]adaaaam · first_building Castle |
| 23:35 | [JA] Salytmacska · first_building Stable |
| 23:49 | The_CoMbaTaND · first_building Castle |
| 24:24 | KilledByTheBoar · first_market_sell 100 food |
| 24:28 | KilledByTheBoar · first_building Monastery |
| 25:15 | KilledByTheBoar · wall_segment Stone Wall x1 |
| 25:16 | Sorbeet · first_market_sell 500 stone |
| 25:21 | LSKingdom9970 · first_building Castle |
| 25:55 | KilledByTheBoar · wall_segment Stone Wall x7 |
| 25:59 | KilledByTheBoar · wall_segment Stone Wall x8 |
| 25:59 | KilledByTheBoar · wall_segment Stone Wall x1 |
| 26:20 | [JA]adaaaam · first_building Barracks |
| 26:26 | LSKingdom9970 · first_market_sell 100 wood |
| 26:50 | The_CoMbaTaND · first_building Barracks |
| 26:58 | [JA]SchleK SobeR · first_building Barracks |
| 26:58 | KilledByTheBoar · first_building Siege Workshop |
| 27:06 | KilledByTheBoar · first_building Barracks |
| 27:36 | [JA]adaaaam · first_building Archery Range |
| 27:37 | [JA]SchleK SobeR · first_building Siege Workshop |
| 27:39 | [JA]adaaaam · first_building Stable |
| 27:46 | KilledByTheBoar · wall_segment Stone Wall x8 |
| 28:03 | KilledByTheBoar · wall_segment Stone Wall x1 |
| 28:03 | Sorbeet · wall_segment Stone Wall x4 |
| 28:18 | Sorbeet · wall_segment Stone Wall x1 |
| 28:24 | The_CoMbaTaND · age_up imperial |
| 28:44 | KilledByTheBoar · first_building Stable |
| 28:44 | KilledByTheBoar · age_up imperial |
| 29:02 | [JA]adaaaam · age_up imperial |
| 29:20 | [JA] Salytmacska · wall_segment Stone Wall x1 |
| 29:20 | [JA] Salytmacska · wall_segment Stone Wall x1 |
| 29:21 | LSKingdom9970 · wall_segment Stone Wall x1 |
| 29:27 | [JA] Salytmacska · wall_segment Stone Wall x1 |
| 29:27 | [JA] Salytmacska · wall_segment Stone Wall x1 |
| 29:49 | Sorbeet · age_up imperial |
| 30:10 | KilledByTheBoar · first_building Castle |
| 31:23 | [JA]SchleK SobeR · age_up imperial |
| 31:59 | [JA]adaaaam · first_building Siege Workshop |
| 32:12 | [JA] Salytmacska · wall_segment Stone Wall x1 |
| 32:52 | [JA] Salytmacska · age_up imperial |
| 33:05 | [JA] Salytmacska · wall_segment Stone Wall x1 |
| 33:06 | [JA]SchleK SobeR · first_building Archery Range |
| 34:32 | The_CoMbaTaND · first_building Archery Range |
| 35:19 | Sorbeet · wall_segment Stone Wall x6 |
| 35:30 | [JA] Salytmacska · first_building Barracks |
| 35:33 | [JA] Salytmacska · wall_segment Stone Wall x1 |
| 35:36 | [JA] Salytmacska · wall_segment Stone Wall x1 |
| 35:57 | [JA]SchleK SobeR · tribute_sent a jugador 1 |
| 35:57 | [JA]SchleK SobeR · tribute_sent a jugador 2 |
| 35:57 | [JA]SchleK SobeR · tribute_sent a jugador 3 |
| 35:57 | [JA]SchleK SobeR · tribute_sent a jugador 4 |
| 35:57 | [JA]SchleK SobeR · tribute_sent a jugador 5 |
| 35:57 | [JA]SchleK SobeR · tribute_sent a jugador 6 |
| 35:57 | [JA]SchleK SobeR · tribute_sent a jugador 8 |
| 36:10 | [JA]GyoreE · age_up imperial |
| 36:14 | [JA]adaaaam · tribute_sent a jugador 1 |
| 36:14 | [JA]adaaaam · tribute_sent a jugador 2 |
| 36:14 | [JA]adaaaam · tribute_sent a jugador 3 |
| 36:14 | [JA]adaaaam · tribute_sent a jugador 4 |
| 36:14 | [JA]adaaaam · tribute_sent a jugador 6 |
| 36:14 | [JA]adaaaam · tribute_sent a jugador 7 |
| 36:14 | [JA]adaaaam · tribute_sent a jugador 8 |
| 37:09 | [JA]adaaaam · tribute_sent a jugador 1 |
| 37:09 | [JA]adaaaam · tribute_sent a jugador 2 |
| 37:09 | [JA]adaaaam · tribute_sent a jugador 3 |
| 37:09 | [JA]adaaaam · tribute_sent a jugador 4 |
| 37:09 | [JA]adaaaam · tribute_sent a jugador 6 |
| 37:09 | [JA]adaaaam · tribute_sent a jugador 7 |
| 37:09 | [JA]adaaaam · tribute_sent a jugador 8 |
| 38:29 | [JA] Salytmacska · wall_segment Stone Wall x1 |
| 38:37 | KilledByTheBoar · tribute_sent a jugador 1 |
| 38:37 | KilledByTheBoar · tribute_sent a jugador 3 |
| 38:37 | KilledByTheBoar · tribute_sent a jugador 4 |
| 38:37 | KilledByTheBoar · tribute_sent a jugador 5 |
| 38:37 | KilledByTheBoar · tribute_sent a jugador 6 |
| 38:37 | KilledByTheBoar · tribute_sent a jugador 7 |
| 38:37 | KilledByTheBoar · tribute_sent a jugador 8 |
| 38:45 | Sorbeet · first_building Barracks |
| 39:13 | LSKingdom9970 · tribute_sent a jugador 1 |
| 39:13 | LSKingdom9970 · tribute_sent a jugador 2 |
| 39:13 | LSKingdom9970 · tribute_sent a jugador 3 |
| 39:13 | LSKingdom9970 · tribute_sent a jugador 5 |
| 39:13 | LSKingdom9970 · tribute_sent a jugador 6 |
| 39:13 | LSKingdom9970 · tribute_sent a jugador 7 |
| 39:13 | LSKingdom9970 · tribute_sent a jugador 8 |
| 39:20 | The_CoMbaTaND · first_building Siege Workshop |
| 39:46 | Sorbeet · first_building Archery Range |
| 39:58 | [JA] Salytmacska · wall_segment Stone Wall x1 |
| 39:59 | [JA] Salytmacska · wall_segment Stone Wall x1 |
| 40:29 | [JA]SchleK SobeR · tribute_sent a jugador 1 |
| 40:29 | [JA]SchleK SobeR · tribute_sent a jugador 2 |
| 40:29 | [JA]SchleK SobeR · tribute_sent a jugador 3 |
| 40:29 | [JA]SchleK SobeR · tribute_sent a jugador 4 |
| 40:29 | [JA]SchleK SobeR · tribute_sent a jugador 5 |
| 40:29 | [JA]SchleK SobeR · tribute_sent a jugador 6 |
| 40:29 | [JA]SchleK SobeR · tribute_sent a jugador 8 |
| 40:38 | [JA]adaaaam · tribute_sent a jugador 1 |
| 40:38 | [JA]adaaaam · tribute_sent a jugador 2 |
| 40:38 | [JA]adaaaam · tribute_sent a jugador 3 |
| 40:38 | [JA]adaaaam · tribute_sent a jugador 4 |
| 40:38 | [JA]adaaaam · tribute_sent a jugador 6 |
| 40:38 | [JA]adaaaam · tribute_sent a jugador 7 |
| 40:38 | [JA]adaaaam · tribute_sent a jugador 8 |
| 40:58 | LSKingdom9970 · first_building Barracks |
| 40:59 | [JA] Salytmacska · first_building Monastery |
| 41:11 | KilledByTheBoar · tribute_sent a jugador 1 |
| 41:11 | KilledByTheBoar · tribute_sent a jugador 3 |
| 41:11 | KilledByTheBoar · tribute_sent a jugador 4 |
| 41:11 | KilledByTheBoar · tribute_sent a jugador 5 |
| 41:11 | KilledByTheBoar · tribute_sent a jugador 6 |
| 41:11 | KilledByTheBoar · tribute_sent a jugador 7 |
| 41:11 | KilledByTheBoar · tribute_sent a jugador 8 |
| 41:20 | [JA]adaaaam · tribute_sent a jugador 1 |
| 41:20 | [JA]adaaaam · tribute_sent a jugador 2 |
| 41:20 | [JA]adaaaam · tribute_sent a jugador 3 |
| 41:20 | [JA]adaaaam · tribute_sent a jugador 4 |
| 41:20 | [JA]adaaaam · tribute_sent a jugador 6 |
| 41:20 | [JA]adaaaam · tribute_sent a jugador 7 |
| 41:20 | [JA]adaaaam · tribute_sent a jugador 8 |
| 41:27 | [JA] Salytmacska · wall_segment Stone Wall x1 |
| 42:31 | LSKingdom9970 · first_building Archery Range |
| 42:34 | LSKingdom9970 · first_building Stable |
| 43:18 | [JA]SchleK SobeR · tribute_sent a jugador 1 |
| 43:18 | [JA]SchleK SobeR · tribute_sent a jugador 2 |
| 43:18 | [JA]SchleK SobeR · tribute_sent a jugador 3 |
| 43:18 | [JA]SchleK SobeR · tribute_sent a jugador 4 |
| 43:18 | [JA]SchleK SobeR · tribute_sent a jugador 5 |
| 43:18 | [JA]SchleK SobeR · tribute_sent a jugador 6 |
| 43:18 | [JA]SchleK SobeR · tribute_sent a jugador 8 |
| 43:31 | [JA]adaaaam · tribute_sent a jugador 1 |
| 43:31 | [JA]adaaaam · tribute_sent a jugador 2 |
| 43:31 | [JA]adaaaam · tribute_sent a jugador 3 |
| 43:31 | [JA]adaaaam · tribute_sent a jugador 4 |
| 43:31 | [JA]adaaaam · tribute_sent a jugador 6 |
| 43:31 | [JA]adaaaam · tribute_sent a jugador 7 |
| 43:31 | [JA]adaaaam · tribute_sent a jugador 8 |
| 43:44 | [JA]adaaaam · first_market_sell 500 food |
| 44:39 | KilledByTheBoar · tribute_sent a jugador 1 |
| 44:39 | KilledByTheBoar · tribute_sent a jugador 3 |
| 44:39 | KilledByTheBoar · tribute_sent a jugador 4 |
| 44:39 | KilledByTheBoar · tribute_sent a jugador 5 |
| 44:39 | KilledByTheBoar · tribute_sent a jugador 6 |
| 44:39 | KilledByTheBoar · tribute_sent a jugador 7 |
| 44:39 | KilledByTheBoar · tribute_sent a jugador 8 |
| 45:19 | [JA]SchleK SobeR · first_building Castle |
| 46:38 | KilledByTheBoar · tribute_sent a jugador 1 |
| 46:38 | KilledByTheBoar · tribute_sent a jugador 3 |
| 46:38 | KilledByTheBoar · tribute_sent a jugador 4 |
| 46:38 | KilledByTheBoar · tribute_sent a jugador 5 |
| 46:38 | KilledByTheBoar · tribute_sent a jugador 6 |
| 46:38 | KilledByTheBoar · tribute_sent a jugador 7 |
| 46:38 | KilledByTheBoar · tribute_sent a jugador 8 |
| 48:01 | [JA]GyoreE · first_market_buy 100 stone |
| 50:28 | [JA]GyoreE · first_building Barracks |
| 51:48 | [JA]GyoreE · first_building Stable |
| 52:12 | KilledByTheBoar · tribute_sent a jugador 1 |
| 52:12 | KilledByTheBoar · tribute_sent a jugador 3 |
| 52:12 | KilledByTheBoar · tribute_sent a jugador 4 |
| 52:12 | KilledByTheBoar · tribute_sent a jugador 5 |
| 52:12 | KilledByTheBoar · tribute_sent a jugador 6 |
| 52:12 | KilledByTheBoar · tribute_sent a jugador 7 |
| 52:12 | KilledByTheBoar · tribute_sent a jugador 8 |
| 52:25 | LSKingdom9970 · wall_segment Stone Wall x9 |
| 53:31 | [JA]adaaaam · tribute_sent a jugador 1 |
| 53:31 | [JA]adaaaam · tribute_sent a jugador 2 |
| 53:31 | [JA]adaaaam · tribute_sent a jugador 3 |
| 53:31 | [JA]adaaaam · tribute_sent a jugador 4 |
| 53:31 | [JA]adaaaam · tribute_sent a jugador 6 |
| 53:31 | [JA]adaaaam · tribute_sent a jugador 7 |
| 53:31 | [JA]adaaaam · tribute_sent a jugador 8 |
| 54:48 | KilledByTheBoar · tribute_sent a jugador 1 |
| 54:48 | KilledByTheBoar · tribute_sent a jugador 3 |
| 54:48 | KilledByTheBoar · tribute_sent a jugador 4 |
| 54:48 | KilledByTheBoar · tribute_sent a jugador 5 |
| 54:48 | KilledByTheBoar · tribute_sent a jugador 6 |
| 54:48 | KilledByTheBoar · tribute_sent a jugador 7 |
| 54:48 | KilledByTheBoar · tribute_sent a jugador 8 |
| 55:25 | LSKingdom9970 · wall_segment Stone Wall x1 |
| 57:17 | KilledByTheBoar · wall_segment Stone Wall x9 |
| 58:24 | The_CoMbaTaND · resign |
| 58:26 | KilledByTheBoar · tribute_sent a jugador 1 |
| 58:26 | KilledByTheBoar · tribute_sent a jugador 3 |
| 58:26 | KilledByTheBoar · tribute_sent a jugador 4 |
| 58:26 | KilledByTheBoar · tribute_sent a jugador 5 |
| 58:26 | KilledByTheBoar · tribute_sent a jugador 6 |
| 58:26 | KilledByTheBoar · tribute_sent a jugador 7 |
| 58:26 | KilledByTheBoar · tribute_sent a jugador 8 |
[ ANÁLISIS IA · 1 CRÉDITO ]
¿Qué pasó realmente en esta partida?
Wolo.gg analiza cada decisión: build order, eco, micro, errores típicos por bracket. Análisis personalizado por WhatsApp o Discord en 30 segundos.
Guía civ
Aztecas
Perfil
Jugador #15802329